AoeStats
← sitting_duck

Arabia

505992699Analyzed
2v2 RM · 20d ago on Sep 11, 2026· 37m 36s· 4 players
Game mode
Random Map
Map size
Medium (4 player)
Population
200
Speed
Normal
Resources
Standard
Victory
Conquest
Starting age
Dark Age
Ending age
Imperial Age
RankedLock teamsTeams togetherTeam positionsShared explorationLock speedFull tech treeHidden civsTurbo modeCheats
Victory
Defeat
🇺🇸 Ethiopians · United States
753
+12
🇺🇸 Aztecs · United States
720
+13
🇺🇸 Franks · United States
716
-14
🇺🇸 Chinese · United States
610
-11
MarcusMan6
5:03 Loom
11:35 Feudal Age
15:23 Wheelbarrow
19:02 Castle Age
19:57 Double-Bit Axe
26:48 Husbandry
32:23 Hand Cart
sitting_duck
3:58 Loom
13:08 Feudal Age
14:45 Wheelbarrow
14:09 Horse Collar
14:18 Town Watch
17:54 Double-Bit Axe
18:07 Gold Mining
19:49 Stone Mining
24:13 Castle Age
23:13 Fletching
25:18 Hand Cart
25:36 Padded Archer Armor
26:59 Town Patrol
28:35 Bow Saw
30:58 Thumb Ring
32:55 Stone Shaft Mining
32:57 Gold Shaft Mining
33:02 Heavy Plow
34:29 Leather Archer Armor
36:14 Bodkin Arrow
36:18 Crossbowman
alex.j.mai
11:45 Feudal Age
13:20 Man-at-Arms
21:50 Double-Bit Axe
24:08 Castle Age
24:13 Pikeman
26:06 Long Swordsman
36:59 Bow Saw
maiyo
8:22 Loom
11:23 Feudal Age
18:25 Double-Bit Axe
18:50 Horse Collar
25:25 Castle Age
24:22 Fletching
25:24 Padded Archer Armor
25:29 Crossbowman
26:17 Thumb Ring
28:24 Bodkin Arrow
34:29 Ballistics
Connection lost

Rejoining the realm…

Still unreachable

The connection could not be restored.

Session expired

The server has moved on; the page needs a fresh start.